 Dungeon Crawl Stone Soup version 0.31.0-4-g52a2dc7128 (webtiles) character file.

Game seed: 532839480984197478

217 Zeia the Magician (level 6, -16/46 HPs)
             Began as a Djinni Ice Elementalist on Jan 23, 2024.
             Was an Initiate of Makhleb.
             Collided with a rock wall (18 damage)
             ... after being knocked back by a wretched star
             ... on level 1 of the Abyss.
             The game lasted 00:09:38 (3196 turns).

Zeia the Magician (Djinni Ice Elementalist)         Turns: 3196, Time: 00:09:41

Health: -16/46     AC:  3    Str:  7    XL:     6   Next: 16%
Gold:   188        EV: 12    Int: 18    God:    Makhleb [......] SH:  0 Dex: 14

rFire   + + +        r - +4 trident of the Gloaming {holy, rF+}
rCold   x . .        (no shield)
rNeg    . . .        a - +0 robe
rPois   ∞            (no helmet)
rElec   .            (no cloak)
rCorr   .            u - +0 pair of gloves
SInv    .            (boots unavailable)
Will    .....        (no amulet)
Stlth   ++           (no ring)
HPRegen 0.27/turn    (no ring)
MPRegen 0.00/turn

%: infuse magic (-17 HP)
@: flying
A: sickness immunity, fire resistance 2, cold vulnerability 1, float, innate
caster, HP casting, extra vitality 1
a: Renounce Religion


You were on level 1 of the Abyss.
You worshipped Makhleb.
Makhleb was noncommittal.
You visited 2 branches of the dungeon, and saw 5 of its levels.
You visited the Abyss 1 time.

You collected 188 gold pieces.

Inventory:

Hand Weapons
 b - a +0 dagger
 r - the +4 trident of the Gloaming (weapon) {holy, rF+}
   (You found it on level 4 of the Dungeon)

   rF+:       It protects you from fire.
Armour
 a - a +0 robe (worn)
 u - a +0 pair of gloves (worn)
Jewellery
 j - a ring of ice
 s - a ring of ice
Wands
 q - a wand of charming (4)
Scrolls
 c - 2 scrolls of teleportation
 d - a scroll of immolation {unknown}
 f - 2 scrolls of revelation {unknown}
 g - a scroll of fear {unknown}
 m - a scroll of identify {unknown}
 o - a scroll of torment {unknown}
 t - a scroll of fog {unknown}
Potions
 e - a potion of heal wounds {unknown}
 h - a potion of brilliance {unknown}
 i - a potion of resistance
 k - a potion of might {unknown}
 l - a potion of curing {unknown}
 n - a potion of berserk rage {unknown}
 p - a potion of cancellation {unknown}


   Skills:
 + Level 3.5 Fighting
 - Level 2.1 Dodging
 - Level 1.5 Stealth
 + Level 4.8 Spellcasting
 + Level 4.8 Conjurations
 + Level 4.8 Hexes
   Level 0.0 Charms
 + Level 4.8 Summonings
 + Level 4.8 Necromancy
 + Level 4.8 Translocations
   Level 0.0 Transmutations
 + Level 4.8 Fire Magic
 + Level 4.8 Ice Magic
 + Level 4.8 Air Magic
 + Level 4.8 Earth Magic
 + Level 4.8 Alchemy


You knew the following spells:

 Your Spells              Type           Power      Damage    Failure   Level
a - Freeze                Ice            84%        1d9       1%          1
b - Frozen Ramparts       Ice            42%        1d7       5%          3
c - Ozocubu's Armour      Ice            21%        N/A       5%          3
d - Summon Ice Beast      Ice/Summ       21%        N/A       5%          3
e - Slow                  Hex            84%        N/A       1%          1
f - Ensorcelled Hibernat  Hex/Ice        42%        N/A       2%          2
Your spell library was empty.

Dungeon Overview and Level Annotations

Branches:
Dungeon (4/15)             Temple (1/1) D:4

Altars:
Ashenzari
Elyvilon
Fedhas
Gozag
Makhleb
Nemelex Xobeh
Qazlal
Ru
Trog
Uskayaw
Xom
Yredelemnul
Zin

Shops:
D:3 *

Annotations:
D:1 1 runed translucent door
D:2 exclusion: downstairs
D:3 Grinder
D:4 Edmund


Innate Abilities, Weirdness & Mutations

You are immune to sickness and miasma.
You are immune to poison.
Your flesh is very heat resistant. (rF++)
You are vulnerable to cold. (rC-)
You float through the air rather than walking.
You learn spells naturally, not from books.
Your magical power is your life essence.
You have superior vitality. (+4 MHP)


Message History

Space warps horribly around you!
The hobgoblin barely misses your ice beast.
Your ice beast hits the hobgoblin but does no damage.
The hobgoblin hits your ice beast. Edmund attacks as he pursues you!
Edmund hits you with a +0 flail of distortion.
You are cast into the Abyss!
This branch contains the abyssal rune of Zot.
You start resting.
A cacodemon comes into view.
A weeping skull comes into view.
Found a gateway leading deeper into the Abyss.
The weeping skull gives a chilling moan.
The weeping skull unleashes gushing sobs.
The wave of grief passes through you.
Found a corrupted altar of Lugonu.
The weeping skull closely misses you.
The weeping skull attacks as it pursues you!
The weeping skull touches you.
The weeping skull attacks as it pursues you!
The weeping skull closely misses you.
The weeping skull unleashes gushing sobs.
The wave of grief passes through you.
The weeping skull unleashes gushing sobs.
The wave of grief passes through you.
A wretched star comes into view.
The weeping skull attacks as it pursues you!
The weeping skull touches you but does no damage.
The weeping skull releases gushing sobs.
The wave of grief passes through you.
The wretched star glows turbulently.
The lance of force hits you!!
You are knocked back by the lance of force.
The weeping skull unleashes gushing sobs.
The wave of grief passes through you.
The wretched star glows turbulently.
The lance of force hits you!!
* * * LOW HITPOINT WARNING * * *
You are knocked back by the lance of force.
You slam into the rock wall!
You die...

.......#..°#
.......*○○##
###○....#
#°z○○...#
#.°#.☼..##
#.# ##..○# #
#...# ##..#
#.@# ####


You could see a wretched star and a weeping skull.

Vanquished Creatures
  Jessica (D:2)
  Natasha (thrice) (D:2)
  4 adders
  2 dart slugs
  5 orcs
  8 ball pythons
  An endoplasm (D:1)
  A giant cockroach (D:3)
  4 goblins
  3 hobgoblins (D:1)
  A kobold (D:1)
  3 quokkas
  A bat (D:1)
  A frilled lizard (D:1)
  6 rats
44 creatures vanquished.

Vanquished Creatures (collateral kills)
  A hound (D:4)
  A ribbon worm (D:4)
  A ball python (D:4)
  2 kobolds (D:4)
5 creatures vanquished.

Grand Total: 49 creatures vanquished

Notes
Turn   | Place    | Note
-------+----------+-------------------------------------------
     0 | D:1      | Zeia the Djinni Ice Elementalist began the quest for the
                  | Orb.
     0 | D:1      | Zeia set off with the following spells memorised: Freeze,
                  | Frozen Ramparts, Ozocubu's Armour, Summon Ice Beast.
     0 | D:1      | Reached XP level 1. HP: 15/15 MP: 0/0
     1 | D:1      | Found a runed translucent door.
    56 | D:1      | Found a faded altar of an unknown god.
   115 | D:1      | Reached XP level 2. HP: 22/22 MP: 0/0
   118 | D:1      | Reached skill level 1 in Fighting
   594 | D:1      | Reached XP level 3. HP: 17/27 MP: 0/0
   594 | D:1      | Learned a level 1 spell: Slow
   725 | D:2      | Noticed Jessica
   734 | D:2      | Killed Jessica
   814 | D:2      | Noticed Natasha
   824 | D:2      | Killed Natasha
   825 | D:2      | Reached XP level 4. HP: 23/34 MP: 0/0
   852 | D:2      | Noticed Natasha
  1413 | D:2      | Killed Natasha
  1414 | D:2      | Reached XP level 5. HP: 27/39 MP: 0/0
  1414 | D:2      | Learned a level 2 spell: Ensorcelled Hibernation
  1504 | D:3      | Noticed Grinder
  1544 | D:2      | Noticed Natasha
  1548 | D:2      | Killed Natasha
  1727 | D:3      | HP: 2/40 [Grinder (5)]
  1882 | D:3      | Found a shimmering altar of Xom.
  2048 | D:3      | Found Aza Byst's Assorted Antiques.
  2057 | D:3      | Paralysed by Grinder for 5 turns
  2074 | D:3      | Paralysed by Grinder for 5 turns
  2075 | D:3      | HP: 2/40 [Grinder (9)]
  2588 | D:4      | Identified the +4 trident of the Gloaming {holy, rF+}
  2708 | D:4      | Reached XP level 6. HP: 43/46 MP: 0/0
  2969 | D:4      | Found a staircase to the Ecumenical Temple.
  2977 | Temple   | Entered the Ecumenical Temple
  3032 | Temple   | Became a worshipper of Makhleb the Destroyer
  3107 | D:4      | Noticed Edmund
  3120 | Abyss:1  | Cast into level 1 of the Abyss (Edmund)
  3152 | Abyss:1  | Noticed a cacodemon
  3174 | Abyss:1  | Found a corrupted altar of Lugonu.
  3193 | Abyss:1  | Noticed a wretched star
  3196 | Abyss:1  | HP: 2/46 [wretched star/lance of force (18)]
  3196 | Abyss:1  | Collided with a rock wall

Illustrated notes

Levels and vault maps discovered:
D:1:      dpeg_arrival_caged_fury, layout_basic, ebering_ecumenical_altar_rust
D:2:      layout_loops_ring, uniq_natasha, uniq_jessica
D:3:      layout_basic, mainiacjoe_overflow_paths, serial_shops, shop,
          uniq_grinder
D:4:      layout_cave_pods, pdpol_wu_jian_five_deadly_venoms,
          minmay_temple_entry_grid, uniq_edmund
Temple:   eino_temple_water
Abyss:1:  base:
D:4

Skill      XL: |  1  2  3  4  5 |
---------------+----------------+-----
Fighting       | 1 2 3 |  3.5
Spellcasting   | 4 |  4.8
Conjurations   | 4 |  4.8
Hexes          | 4 |  4.8
Summonings     | 4 |  4.8
Necromancy     | 4 |  4.8
Translocations | 4 |  4.8
Fire Magic     | 4 |  4.8
Ice Magic      | 4 |  4.8
Air Magic      | 4 |  4.8
Earth Magic    | 4 |  4.8
Alchemy        | 4 |  4.8
Dodging        | |  2.1
Stealth        | |  1.5

Action                     |  1- 3 |  4- 6 || total
---------------------------+-------+-------++-------
  Melee: Dagger            |    14 |    24 ||    38
         Trident           |       |    22 ||    22
         Punch             |       |     1 ||     1
   Cast: Freeze            |    28 |    35 ||    63
         Summon Ice Beast  |       |     7 ||     7
         Slow              |       |     4 ||     4
         Ensorcelled Hiber |       |     3 ||     3
    Use: Scroll            |       |     1 ||     1
         Potion            |       |     1 ||     1
 Armour: Robe              |    16 |    57 ||    73
  Dodge: Dodged            |    13 |    42 ||    55
